 Dungeon Sprint DCSS version 0.17-a0-2014-g32cd421 (webtiles) character file.

70 Kidiri the Shield-Bearer (level 4, -3/41 HPs)
             Began as a Minotaur Fighter on Oct 9, 2015.
             Was an Initiate of Trog.
             Slain by a guardian mummy (18 damage)
             ... in the Dungeon (Sprint VII: "The Pits").
             The game lasted 00:01:13 (46 turns).

Kidiri the Shield-Bearer (Minotaur Fighter)           Turns: 46, Time: 00:01:13

Health: -3/41      AC:  7    Str: 26    XL:     4   Next: 3%
Magic:  3/3        EV:  9    Int:  5    God:    Trog [......]
Gold:   0          SH: 10    Dex: 10    Spells: 0 memorised, 3 levels left

rFire  . . .     SeeInvis .     a - +0 flail
rCold  . . .     Clarity  .     b - +0 scale mail
rNeg   . . .     SustAt   .     c - +0 shield
rPois  .         Gourm    .     (helmet restricted)
rElec  .         Spirit   .     (no cloak)
rCorr  .         Warding  .     (no gloves)
rMut   .         NoTele   +     (no boots)
MR     .....                    (no amulet)
Stlth  ..........               (no ring)
                                (no ring)

@: mighty, not resistant to hostile enchantments, extremely unstealthy
A: retaliatory headbutt, horns 2
a: Burn Spellbooks, Renounce Religion


You were in the Dungeon.
You worshipped Trog.
Trog was noncommittal.
You were not hungry.

You visited 1 branch

Inventory:

Hand Weapons
 a - a +0 flail (weapon)
 l - a +0 halberd
Armour
 b - a +0 scale mail (worn)
 c - a +0 shield (worn)
Scrolls
 k - a scroll of blinking
Potions
 f - a potion of curing
 g - a potion of heal wounds
 h - a potion of haste
 i - 2 potions of magic
 j - a potion of berserk rage
Comestibles
 e - a bread ration


   Skills:
 + Level 4.8 Fighting
 * Level 5.3 Maces & Flails
 * Level 5.9 Armour
 + Level 2.6 Dodging
 * Level 5.9 Shields


You had 3 spell levels left.
You didn't know any spells.

Dungeon Overview and Level Annotations

Branches:
Dungeon (1/1)

Altars:
Ashenzari
Cheibriados
Dithmenos
Elyvilon
Fedhas
Kikubaaqudgha
Makhleb
Nemelex Xobeh
Okawaru
Ru
Sif Muna
Trog
Vehumet
Xom
Yredelemnul
Zin
The Shining One
Beogh
Jiyva
Lugonu


Innate Abilities, Weirdness & Mutations

You reflexively headbutt those who attack you in melee.
You have a pair of horns on your head.


Message History

Your Armour skill increases to level 5!
Your Dodging skill increases to level 2!
Your Shields skill increases to level 5!
You have reached level 3!
Your experience leads to an increase in your attributes!
Your base attributes are Str 20, Int 5, Dex 9.
Increase (S)trength, (I)ntelligence, or (D)exterity?
You feel stronger.
You have reached level 4!
You feel agile. The guardian mummy hits you!
Your shield prevents you from hitting the guardian mummy.
You block the guardian mummy's attack.
You sock the guardian mummy!
The guardian mummy is moderately damaged.
The guardian mummy closely misses you.
You hit the guardian mummy. You headbutt the guardian mummy.
The guardian mummy is heavily damaged.
The guardian mummy hits you!!
You die...

############
#_____M____#
#____@_____#
#.#####'##############
+.+ #......... #M#
#......#..
######'#####.........
#.........M.'.........
#+#####+#####......#..
#......... ####'#####


You could see a guardian mummy.

Vanquished Creatures
  A big kobold (D)
  A gnoll (D)
2 creatures vanquished.

Notes
Turn   | Place    | Note
--------------------------------------------------------------
     0 | D        | Kidiri the Minotaur Fighter began the quest for the Orb.
     0 | D        | Reached XP level 1. HP: 19/19 MP: 0/0
    10 | D        | Noticed a guardian mummy
    10 | D        | Noticed a big kobold
    24 | D        | Reached skill level 4 in Fighting
    24 | D        | Reached skill level 1 in Dodging
    24 | D        | Reached XP level 2. HP: 25/27 MP: 1/1
    36 | D        | Found a sacrificial altar of Ru.
    36 | D        | Found a basalt altar of Yredelemnul.
    36 | D        | Found a shadowy altar of Dithmenos.
    36 | D        | Found a deep blue altar of Sif Muna.
    36 | D        | Found a burning altar of Makhleb.
    36 | D        | Found a shimmering altar of Xom.
    36 | D        | Found an ancient bone altar of Kikubaaqudgha.
    36 | D        | Found a sparkling altar of Nemelex Xobeh.
    37 | D        | Found a glowing golden altar of the Shining One.
    37 | D        | Found a bloodstained altar of Trog.
    37 | D        | Found a shattered altar of Ashenzari.
    37 | D        | Found a white marble altar of Elyvilon.
    37 | D        | Found a snail-covered altar of Cheibriados.
    37 | D        | Found a blossoming altar of Fedhas.
    37 | D        | Found a radiant altar of Vehumet.
    37 | D        | Found a glowing silver altar of Zin.
    37 | D        | Found a corrupted altar of Lugonu.
    37 | D        | Found a viscous altar of Jiyva.
    37 | D        | Found a roughly hewn altar of Beogh.
    37 | D        | Found an iron altar of Okawaru.
    40 | D        | Became a worshipper of Trog the Wrathful
    43 | D        | Killed a big kobold
    43 | D        | Reached skill level 5 in Maces & Flails
    43 | D        | Reached skill level 5 in Armour
    43 | D        | Reached skill level 5 in Shields
    43 | D        | Reached XP level 3. HP: 18/35 MP: 2/2
    43 | D        | Reached XP level 4. HP: 21/41 MP: 3/3
    46 | D        | Slain by a guardian mummy

Vault maps used:
D:        pitsprint

Action                   |  1- 3 |  4- 6 || total
-------------------------+-------+-------++-------
Melee: Flail             |     7 |     3 ||    10
  Use: Potion            |     1 |       ||     1
